 Dungeon Crawl Stone Soup version 0.29-a0-334-gb41bcbb86e (webtiles) character file.

Game seed: 11654912356269298890

697 spaghetti the Ducker (level 7, 14/60 HPs)
             Began as a Deep Dwarf Summoner on Apr 15, 2022.
             Was a Believer of Lugonu.
             Quit the game on level 7 of the Dungeon.
             The game lasted 00:15:29 (5835 turns).

spaghetti the Ducker (Deep Dwarf Summoner)          Turns: 5835, Time: 00:15:30

Health: 14/60      AC:  2    Str: 12    XL:     7   Next: 38%
Magic:  2/11       EV: 15    Int: 23    God:    Lugonu [**....]
Gold:   270        SH:  4    Dex: 19    Spells: 4/12 levels left

rFire   + . .      SeeInvis .   x - +2 dagger (speed) {short}
rCold   . . .      Faith    .   (no shield)
rNeg    . . .      Spirit   .   f - +0 robe
rPois   .          Reflect  .   (helmet restricted)
rElec   .          Harm     .   (no cloak)
rCorr   .          Rampage  .   (no gloves)
Will    +....                   (no boots)
Stlth   ++........              (no amulet)
HPRegen 0.00/turn               c - +6 ring of dexterity
MPRegen 0.12/turn               v - +6 ring of intelligence

@: wereblooded, very slightly contaminated
A: damage resistance, heal wounds, sense surroundings 1, no regeneration,
antennae 1, large bone plates 1, fire resistance 1
a: Heal Wounds, Renounce Religion, Depart the Abyss, Bend Space


You were on level 7 of the Dungeon.
You worshipped Lugonu.
Lugonu was pleased with you.
You visited 1 branch of the dungeon, and saw 7 of its levels.

You collected 270 gold pieces.


Innate Abilities, Weirdness & Mutations

You are resistant to damage.
You can heal yourself by infusing magical energy.
You passively map a small area around you.
You do not regenerate.
You have a pair of small antennae on your head.
You are partially covered in large bone plates. (SH +4)
Your flesh is heat resistant. (rF+)


   Skills:
 + Level 2.2 Fighting
 + Level 5.0 Dodging
 - Level 2.4 Stealth
 + Level 3.3 Spellcasting
 - Level 4.0 Summonings
 + Level 2.7 Transmutations
 + Level 4.6 Invocations


You had 4 spell levels left.
You knew the following spells:

 Your Spells              Type           Power      Damage    Failure   Level
a - Summon Small Mammal   Summ           88%        N/A       2%          1
b - Call Imp              Summ           22%        N/A       3%          2
c - Wereblood             Tmut           16%        N/A       5%          2
d - Call Canine Familiar  Summ           22%        N/A       6%          3

Your spell library contained the following spells:

 Spells                   Type           Power      Damage    Failure   Level
 Beastly Appendage        Tmut           32%        N/A       3%          1
 Summon Guardian Golem    Hex/Summ       13%        N/A       14%         3
 Spider Form              Tmut/Pois      10%        N/A       19%         3
 Summon Lightning Spire   Summ/Air       13%        N/A       43%         4
 Chain Lightning          Conj/Air       1%         3d2       100%        9
 Fire Storm               Conj/Fire      1%         8d1       100%        9
 Shatter                  Erth           1%         3d6*      100%        9

Inventory:

Hand Weapons
 b - a +0 short sword of speed {short}
   (You took it off an orc on level 3 of the Dungeon)
 p - a +2 dagger of protection {short}
   (You took it off a goblin on level 2 of the Dungeon)
 x - a +2 dagger of speed (weapon) {short}
   (You took it off a goblin on level 4 of the Dungeon)
Missiles
 h - 203 stones (quivered) {throwing}
 o - 10 poisoned darts {throwing}
Armour
 f - a +0 robe (worn)
 i - a +2 pair of boots
   (You found it on level 4 of the Dungeon)
Magical Staves
 q - a staff of cold {!astaff}
   (You found it on level 2 of the Dungeon)
Jewellery
 c - a +6 ring of dexterity (left hand)
   (You found it on level 1 of the Dungeon)
 v - a +6 ring of intelligence (right hand)
   (You found it on level 3 of the Dungeon)
Wands
 k - a wand of iceblast (5)
   (You took it off Ijyb on level 5 of the Dungeon)
Scrolls
 a - a scroll of immolation {unknown}
 j - a scroll of brand weapon {unknown}
 l - 4 scrolls of amnesia {unknown}
 r - a scroll of identify {@r1}
 t - 2 scrolls of enchant weapon {unknown}
 u - a scroll of blinking {unknown}
 w - a scroll of vulnerability {unknown}
Potions
 d - 2 potions of heal wounds {unknown}
 e - 2 potions of magic
 g - 3 potions of attraction {!q}
 m - a potion of haste {@q3}
 n - a potion of ambrosia {unknown}

Dungeon Overview and Level Annotations

Branches:
Dungeon (7/15)             Temple (0/1) D:5

Altars:
Nemelex Xobeh
Qazlal
Lugonu

Annotations:
D:5 3 runed translucent doors, Rappanathuk's ghost, novice GrFi

, , , , , ,.. ..
, ... #. , + ,
...##. * * *
...#.# , ,,#(...
, .(#....*
,..(....#######
.o...o)@.....#**
, .....oo......#
,,
.....#......##
.... ##.....#
... ,*........,
* .., ......###,
,., , .......,,,
, #........, *
,, *


You could see an orc warrior, an orc wizard and 2 orcs.


Message History

An ice beast is nearby!
Press: ? - help, Shift-Dir - straight line, f - ice beast
Aim: an ice beast (wandering, hasn't noticed you, chance to affect: 82%)
The ice beast barely resists. 😨 MP[-4]
You lost 4 mp, and now have 6/10 mp.
Press: ? - help, Shift-Dir - straight line, f/p - ice beast
Aim: an ice beast (chance to affect: 82%)
You fail to use your ability.
Press: ? - help, Shift-Dir - straight line, f/p - ice beast
Aim: an ice beast (chance to affect: 82%)
The ice beast is devoured by a tear in reality.
Lugonu claims a new guest.
You can no longer banish your foes.
Your Dodging skill increases to level 5! 😨 MP[-4]
You lost 4 mp, and now have 2/11 mp.
Key pressed, stopping explore.
t - 2 scrolls labelled ROPRETHU NUNG (gained 1) Key pressed, stopping explore.
Found an escape hatch in the ceiling. 😨 MP[+9]
Your mp is fully restored (11).
Found a stone staircase leading up.
You open the door.
A bullfrog comes into view.
Okay, then.
Unknown command.
You close the door.
You start waiting.
Done waiting.
There is a stone staircase leading down here.
You climb downwards.
You hear the roar of battle.
There is an entrance to a bailey on this level.
Hurry and find it before the portal closes forever!
There is a stone staircase leading up here.
Unknown command.
An orc is nearby!
Throw: 206 stones {throwing}
Press: ? - help, Q - select action, (/) - cycle Shift-Dir - straight line, f - orc
Aim: an orc, wielding a +0 mace (asleep, 98% to hit)
You throw a stone {throwing}. The stone {throwing} hits the orc.
The orc shouts!
You hear a shout! x2
An orc comes into view. It is wielding a +0 morningstar.
An orc comes into view. It is wielding a +0 club.
Throw: 205 stones {throwing}
Press: ? - help, Q - select action, (/) - cycle Shift-Dir - straight line, f/p - orc
Aim: an orc, wielding a +0 mace (moderately wounded, 62% to hit)
You throw a stone {throwing}. The stone {throwing} hits the orc.
An orc warrior comes into view. It is wielding a +0 dire flail.
Throw: 204 stones {throwing}
Press: ? - help, Q - select action, (/) - cycle Shift-Dir - straight line, f/p - orc
Aim: an orc, wielding a +0 mace (heavily wounded, 62% to hit)
You throw a stone {throwing}.
The stone {throwing} barely misses the orc.
The stone {throwing} hits the orc but does no damage.
Casting: Wereblood (safe; 5% risk of failure)
Confirm with . or Enter, or press ? or * to list all spells.
You miscast Wereblood.
You are very lightly contaminated with residual magic.
Nothing appears to happen. 😨 MP[-2]
You lost 2 mp, and now have 9/11 mp.
Casting: Wereblood (safe; 5% risk of failure)
Confirm with . or Enter, or press ? or * to list all spells.
😨 MP[-3]
You lost 3 mp, and now have 6/11 mp.
Unknown command.
Casting: Call Canine Familiar (dangerous; 6% risk of failure)
Confirm with . or Enter, or press ? or * to list all spells.
You miscast Wereblood.
Nothing appears to happen.
Your hound barely misses the orc.
The orc hits you with a +0 mace. The orc misses your hound. 😨 MP[-2]
You lost 2 mp, and now have 4/11 mp.
Casting: Wereblood (safe; 5% risk of failure)
Confirm with . or Enter, or press ? or * to list all spells.
Your blood is infused with primal strength.
Your hound bites the orc.
The orc hits you with a +0 mace.
* * * LOW HITPOINT WARNING * * *
An orc wizard comes into view. It is wielding a +0 dagger.
Your hound bites the orc.
The orc dies!
Lugonu accepts your kill. 😱 HP[-4] MP[-2]
You take 4 damage, and now have 14/60 hp.
You lost 2 mp, and now have 2/11 mp.
Unknown command.
You hit the orc. The orc hits your hound with a +0 club.
The orc closely misses you.
The orc warrior hits your hound with a +0 dire flail!!
Your hound dies!
Your hound's corpse disappears in a puff of smoke!
You barely miss the orc.
Unknown command.
Casting: Wereblood (safe; 5% risk of failure)
Confirm with . or Enter, or press ? or * to list all spells.
You don't have enough magic to cast this spell.
Are you sure you want to abandon this character and quit the game? (Confirm with "yes".)

Skill      XL: |  1  2  3  4  5  6  7 |
---------------+----------------------+-----
Summonings     | 4 |  4.0
Dodging        | 3 4 5 |  5.0
Invocations    | 1 2 3 4 |  4.6
Spellcasting   | 2 3 |  3.3
Transmutations | 1 2 |  2.7
Fighting       | 1 2 |  2.2
Stealth        | |  2.4

Action                   |  1- 3 |  4- 6 |  7- 9 || total
-------------------------+-------+-------+-------++-------
Melee: Unarmed           |    16 |       |       ||    16
       Dagger            |    35 |   141 |     4 ||   180
       Punch             |     1 |       |     1 ||     2
       Short sword       |       |    40 |       ||    40
 Fire: Hunting sling     |    10 |       |       ||    10
Throw: Stone             |       |     1 |     3 ||     4
 Cast: Summon Small Mamm |    49 |    21 |       ||    70
       Call Imp          |    17 |    23 |     1 ||    41
       Wereblood         |     3 |    21 |     3 ||    27
       Call Canine Famil |       |     5 |     2 ||     7
Invok: Banish            |       |     2 |     2 ||     4
 Abil: Heal Wounds       |       |     5 |       ||     5
Evoke: Wand              |       |       |     1 ||     1
  Use: Potion            |       |     5 |       ||     5
       Scroll            |       |     2 |       ||     2
 Stab: Distracted        |     1 |       |       ||     1
       Sleeping          |       |     1 |     1 ||     2
Armor: Robe              |    16 |    26 |       ||    42
Dodge: Dodged            |    42 |    92 |     1 ||   135
Block: Other             |       |    12 |     2 ||    14

Levels and vault maps discovered:
D:1:      dpeg_arrival_fog, layout_loops_cross,
          shapermc_ecumenical_altar_hornbeckon
D:2:      layout_loops_ring, basic_altar
D:3:      layout_loops_ring
D:4:      layout_loops_ring, tso_altar, nrook_mini_backslash,
          hangedman_decor_points
D:5:      layout_loops_cross, minmay_temple_entry_sparse_star,
          gammafunk_ghost_nasty_kobolds, uniq_ijyb
D:6:      layout_basic, lemuel_crystal_altar, marbit_many_paths,
          kennysheep_ying_yang, uniq_menkaure
D:7:      layout_cave_pools, enter_bailey_3, serial_bayou_lake_a,
          uniq_crazy_yiuf_cottage

Notes
Turn   | Place    | Note
-------+----------+-------------------------------------------
     0 | D:1      | spaghetti the Deep Dwarf Summoner began the quest for the
                  | Orb.
     0 | D:1      | Reached XP level 1. HP: 15/15 MP: 3/3
     0 | D:1      | magus.rc [v1.9.6]
   151 | D:1      | Found a faded altar of an unknown god.
   394 | D:1      | Reached XP level 2. HP: 22/22 MP: 0/4
   527 | D:1      | Learned a level 2 spell: Call Imp
   870 | D:1      | Prayed at the altar of an unknown god.
   870 | D:1      | Became a worshipper of Lugonu the Unformed
   870 | D:1      | Reached * piety under Lugonu
   870 | D:1      | Reached ** piety under Lugonu
   997 | D:1      | Reached skill level 4 in Summonings
  1094 | D:1      | Reached skill level 3 in Dodging
  1428 | D:2      | Reached skill level 1 in Invocations
  1472 | D:2      | You pick up a book of Changes and begin reading...
  1472 | D:2      | You add the spells Beastly Appendage, Wereblood and Spider
                  | Form to your library.
  1505 | D:2      | Reached XP level 3. HP: 22/28 MP: 0/5
  1508 | D:2      | Learned a level 2 spell: Wereblood
  1720 | D:2      | Reached skill level 2 in Spellcasting
  2304 | D:2      | Found a sparkling altar of Nemelex Xobeh.
  2332 | D:2      | Reached skill level 2 in Invocations
  2471 | D:3      | Reached XP level 4. HP: 33/36 MP: 1/7
  3103 | D:3      | Reached skill level 1 in Transmutations
  3152 | D:3      | Reached *** piety under Lugonu
  3580 | D:4      | Reached XP level 5. HP: 37/42 MP: 3/8
  3827 | D:4      | HP: 8/42 [gnoll/+0 halberd (8)]
  3830 | D:4      | Gained mutation: You have a pair of small antennae on your
                  | head. [potion of mutation]
  3830 | D:4      | Gained mutation: Your flesh is heat resistant. (rF+)
                  | [potion of mutation]
  3830 | D:4      | Gained mutation: You are partially covered in large bone
                  | plates. (SH +4) [potion of mutation]
  3830 | D:4      | HP: 3/42 [gnoll shaman/+0 whip (5)]
  3857 | D:4      | HP: 10/42 [gnoll/+0 halberd (4)]
  3869 | D:4      | HP: 7/42 [gnoll/+0 halberd (3)]
  3955 | D:4      | Reached skill level 4 in Dodging
  3955 | D:4      | Reached skill level 3 in Invocations
  4021 | D:4      | HP: 8/43 [gnoll shaman/+0 whip (8)]
  4026 | D:4      | HP: 7/43 [gnoll shaman/+0 whip (10)]
  4040 | D:5      | Entered Level 5 of the Dungeon
  4055 | D:5      | Found a staircase to the Ecumenical Temple.
  4218 | D:5      | Noticed a phantom
  4246 | D:5      | Banished a phantom
  4247 | D:5      | Reached skill level 1 in Fighting
  4247 | D:5      | Reached XP level 6. HP: 15/51 MP: 0/9
  4384 | D:5      | HP: 7/51 [iguana (8)]
  4388 | D:5      | HP: 3/51 [iguana (4)]
  4560 | D:5      | Noticed Ijyb
  4581 | D:5      | Killed Ijyb
  4582 | D:5      | Reached skill level 2 in Transmutations
  4663 | D:5      | Found a runed translucent gate.
  4664 | D:5      | Found a runed translucent gate.
  4665 | D:5      | Found a runed translucent gate.
  4665 | D:5      | Noticed Rappanathuk's ghost (novice GrFi)
  4697 | D:5      | You pick up a book of Annihilations and begin reading...
  4697 | D:5      | You add the spells Chain Lightning, Fire Storm and Shatter
                  | to your library.
  4702 | D:5      | Learned a level 3 spell: Call Canine Familiar
  4946 | D:5      | Reached skill level 3 in Spellcasting
  4946 | D:5      | Reached skill level 4 in Invocations
  5351 | D:6      | Reached XP level 7. HP: 29/58 MP: 5/10
  5407 | D:6      | Found a stormy altar of Qazlal.
  5451 | D:6      | Reached skill level 2 in Fighting
  5539 | D:6      | Reached skill level 5 in Dodging
  5832 | D:7      | HP: 14/60 [orc/+0 mace (4)]
  5835 | D:7      | Quit the game

Vanquished Creatures
  A scorpion (D:6)
  A jelly (D:5)
  2 gnolls (D:3)
  A worm (D:2)
  A dart slug (D:4)
  2 orcs (D:3)
  3 ball pythons
  A bat (D:1)
  5 endoplasms
  2 giant cockroaches (D:3)
  4 goblins
  4 hobgoblins
  2 jackals (D:4)
  2 quokkas
  2 frilled lizards
  2 kobolds (D:3)
35 creatures vanquished.

Vanquished Creatures (collateral kills)
  An ogre (D:5)
  A bullfrog (D:6)
  A hound (D:5)
  An iguana (D:4)
  Ijyb (D:5)
  3 gnolls
  5 adders
  A worm (D:2)
  2 dart slugs
  5 orcs
  3 bats
  4 endoplasms (D:1)
  A goblin (D:2)
  2 hobgoblins
  4 jackals
  2 ball pythons (D:2)
  2 frilled lizards
  3 kobolds
  A rat (D:2)
43 creatures vanquished.

Grand Total: 78 creatures vanquished

Table legend:
 A = Non-vault XP
 B = Vault XP
 C = Vault XP percentage of total XP
 D = Non-vault monster count
 E = Vault monster count
 F = Vault count percentage of total count
                 A         B        C        D         E       F
            +---------+---------+-------+---------+---------+-------
      Total |     961 |      36 |   3.6 |      80 |       1 |   1.2
            +---------+---------+-------+---------+---------+-------
        D:1 |      29 |       0 |   0.0 |      14 |       0 |   0.0
        D:2 |      62 |       0 |   0.0 |      17 |       0 |   0.0
        D:3 |      93 |       0 |   0.0 |      22 |       0 |   0.0
        D:4 |      76 |       0 |   0.0 |      14 |       0 |   0.0
        D:5 |     395 |      36 |   8.4 |       9 |       1 |  10.0
        D:6 |     303 |       0 |   0.0 |       3 |       0 |   0.0
        D:7 |       3 |       0 |   0.0 |       1 |       0 |   0.0
            +---------+---------+-------+---------+---------+-------

Illustrated notes

Table legend:
 A = Kills in this place as a percentage of kills in entire the game.
 B = Kills by you in this place as a percentage of kills by you in the entire game.
 C = Kills by friends in this place as a percentage of kills by friends in the entire game.
 D = Other kills in this place as a percentage of other kills in the entire game.
 E = Experience gained in this place as a percentage of experience gained in the entire game.
 F = Experience gained in this place divided by the number of levels of this place that you have seen.
                   A       B       C       D       E      F
               +-------+-------+-------+-------+-------+----------------------
         Total | 100.0 | 100.0 | 100.0 | 100.0 | 100.0 | 142.4
       Dungeon | 100.0 | 100.0 | 100.0 | 100.0 | 100.0 | 142.4
               +-------+-------+-------+-------+-------+----------------------

Table legend: (Time is in decaauts)
 A = Elapsed time spent in this place.
 B = Non-inter-level travel time spent in this place.
 C = Inter-level travel time spent in this place.
 D = Time resting spent in this place.
 E = Time spent auto-exploring this place.
 F = Levels seen in this place.
 G = Mean time per level.
                   A        B        C        D        E       F      G
               +--------+--------+--------+--------+--------+-----+--------+
         Total |   5777 |   5528 |    249 |    205 |   4259 |   7 |  825.3 |
       Dungeon |   5777 |   5528 |    249 |    205 |   4259 |   7 |  825.3 |
               +--------+--------+--------+--------+--------+-----+--------+

Top non-repeatable levels by time:
     D:5: 1273 daAuts
     D:1: 1243 daAuts
     D:2: 1205 daAuts
     D:3: 1026 daAuts
     D:4: 525 daAuts
     D:6: 493 daAuts
     D:7: 9 daAuts
